 Dungeon Crawl Stone Soup version 0.30.0-15-g856e2d3f33 (webtiles) character file.

Game seed: 17827055573922583973

590 cheesebisquit the Changer (level 7, 0/51 HPs)
             Began as a Merfolk Transmuter on May 19, 2023.
             Was an Initiate of Gozag.
             Killed by divine providence
             ... invoked by an orc priest
              (15 damage)
             ... on level 5 of the Dungeon.
             The game lasted 00:22:19 (4515 turns).

cheesebisquit the Changer (Merfolk Transmuter)      Turns: 4515, Time: 00:22:19

Health: 0/51       AC:  7    Str: 11    XL:     7   Next: 39%
Magic:  13/13      EV: 18    Int: 14    God:    Gozag
Gold:   251        SH:  0    Dex: 14    Spells: 4/14 levels left

rFire   . .          .
                       - Unarmed
rCold   . . .        (no shield)
rNeg    . . .        z - +0 troll leather armour {Pargi}
rPois   +            y - melded +2 helmet "Beunkoga" {Contam Str+6 Int+5}
rElec   .            p - +2 cloak {rPois}
rCorr   .            (no gloves)
SInv    .            (boots currently unavailable)
Will    .....        D - amulet of magic regeneration
Stlth   ++           h - ring of wizardry
HPRegen 1.08/turn    j - +5 ring of evasion
MPRegen 0.53/turn

%: wizardry (x1)
@: appendages, wereblooded
A: horns 2, (nimble swimmer 2), mertail
a: End Transformation, Renounce Religion, Potion Petition, Call Merchant, Bribe
Branch


You were on level 5 of the Dungeon.
You worshipped Gozag.
Gozag was aware of your devotion.
You had temporarily grown beastly horns.
You visited 2 branches of the dungeon, and saw 6 of its levels.
You also visited: Sewer.

You collected 325 gold pieces.
You paid 74 gold pieces to Gozag.

Inventory:

Missiles
 t - 7 poisoned darts
Armour
 a - a +0 robe
 p - a +2 cloak of poison resistance (worn)
 y - the +2 helmet "Beunkoga" (melded) {Contam Str+6 Int+5}
   (You found it in a sewer)

   Str:       It affects your strength (+6).
   Int:       It affects your intelligence (+5).
   Contam:    It causes magical contamination when unequipped.
 z - a +0 troll leather armour (worn) {Pargi}
Jewellery
 c - an amulet of regeneration
 f - an amulet of guardian spirit
 h - a ring of wizardry (left hand)
 j - a +5 ring of evasion (right hand)
 s - a ring of wizardry
 w - a ring of willpower
 D - an amulet of magic regeneration (around neck)
Scrolls
 d - a scroll of fog {unknown}
 e - a scroll of brand weapon
 i - 2 scrolls of teleportation
 k - a scroll of enchant armour {unknown}
 l - a scroll of vulnerability
 m - a scroll of amnesia
 n - a scroll of acquirement {unknown}
 v - a scroll of fear {unknown}
 x - 2 scrolls of enchant weapon
 B - a scroll of noise {unknown}
Potions
 b - a potion of lignification
 g - 2 potions of resistance {unknown}
 o - 3 potions of heal wounds
 q - a potion of haste {unknown}
 r - a potion of flight {unknown}
 u - 2 potions of brilliance
 A - 3 potions of curing {unknown}
 C - a potion of cancellation {unknown}
 E - a potion of might {unknown}


   Skills:
 + Level 2.8 Fighting
 + Level 4.2 Dodging
 + Level 2.5 Stealth
 + Level 4.3 Unarmed Combat
 + Level 4.1 Spellcasting
 + Level 6.0 Transmutations


You had 4 spell levels left.
You knew the following spells:

 Your Spells              Type           Power      Damage    Failure   Level
a - Beastly Appendage     Tmut           38%        N/A       1%          1
b - Wereblood             Tmut           19%        N/A       1%          2
c - Spider Form           Tmut/Pois      11%        N/A       9%          3
d - Ice Form              Ice/Tmut       11%        N/A       28%         4

Your spell library contained the following spells:

 Spells                   Type           Power      Damage    Failure   Level
 Freeze                   Ice            8%         1d3       11%         1
 Sublimation of Blood     Necr           2%         N/A       16%         2
 Frozen Ramparts          Ice            4%         1d1       28%         3
 Hailstorm                Conj/Ice       2%         3d3       28%         3
 Summon Hydra             Summ           1%         N/A       100%        7


Dungeon Overview and Level Annotations

Branches:
Dungeon (5/15)             Temple (1/1) D:4           Sewer (visited)

Altars:
Ashenzari
Cheibriados
Dithmenos
Elyvilon
Fedhas
Gozag
Kikubaaqudgha
Makhleb
Nemelex Xobeh
Qazlal
Sif Muna
Trog
Uskayaw
Xom
Zin
The Shining One

Shops:
D:1 =[

Annotations:
D:4 1 runed translucent door, Crazy Yiuf


Innate Abilities, Weirdness & Mutations

You have temporarily grown beastly horns.
((You are very nimble when in or above water. (Stealth+, EV+, Speed+++)))
Your lower body shifts to a powerful aquatic tail in water.


Message History

You hear some strange, mumbled words.
A magic dart appears from out of thin air!
The magic dart hits you! The orc hits you but does no damage.
You closely miss the orc priest. You headbutt the orc priest.
The orc priest is heavily wounded.
The orc priest hits you with a +0 flail.
The orc misses you. Something hits you but does no damage.
The orc barely misses you. The orc priest closely misses you.
You barely miss the orc priest. Your headbutt misses the orc priest.
The orc priest is heavily wounded.
The orc priest barely misses you. The orc hits you with a +0 short sword.
You hit the orc priest but do no damage.
You headbutt the orc priest!
The orc priest is almost dead.
The orc priest invokes the aid of Beogh against you.
Pain shoots through your body! The orc hits you but does no damage.
The orc barely misses you.
You hit the orc priest but do no damage.
The orc priest is almost dead.
The orc priest hits you with a +0 flail!
The orc hits you but does no damage. The orc completely misses you.
You closely miss the orc priest.
You headbutt the orc priest, but do no damage.
The orc priest is almost dead.
The orc priest barely misses you. The orc hits you with a +0 short sword.
The orc hits you but does no damage.
You completely miss the orc priest.
The orc priest is almost dead.
You hear some strange, mumbled words.
Something tries to affect you, but you resist.
The orc closely misses you. The orc misses you.
You hit the orc priest but do no damage.
The orc priest is almost dead.
The orc hits you with a +0 club.
* * * LOW HITPOINT WARNING * * *
The orc priest mumbles some strange prayers to Beogh against you.
Beogh smites you!
You die...
Your body crumbles into a pile of gold.

#.............#
#.......##....##
#########.......##.....#
#.......#........#.....#
+.......'........+.....#
#...!...#........#.....#
#......#####+########'##
#.....o## ###....##
#......@# #.......#
.'.....oo# #.......#
.#.......# #.......#
#..##..## #######'## #..
#..# .......... ... ....
.......... .. .....
.......... .....
.......... ......>...


You could see an orc priest and 2 orcs.

Vanquished Creatures
  Menkaure (D:4)
  Pargi (Sewer)
  A hound (D:4)
  A jelly (D:5)
  An orc priest (D:4)
  2 sleepcaps (D:4)
  Natasha (thrice) (D:2)
  6 adders
  A white imp (D:5)
  4 worms (D:3)
  A dart slug (D:3)
  8 orcs
  7 ball pythons
  5 endoplasms
  9 giant cockroaches
  8 goblins
  A hobgoblin (D:1)
  4 jackals (D:5)
  7 kobolds
  A quokka (D:1)
  2 bats
  A frilled lizard (D:1)
  11 rats
86 creatures vanquished.

Notes
Turn   | Place    | Note
-------+----------+-------------------------------------------
     0 | D:1      | cheesebisquit the Merfolk Transmuter began the quest for
                  | the Orb.
     0 | D:1      | Reached XP level 1. HP: 15/15 MP: 3/3
   143 | D:1      | Found Ihir's Armour Shoppe.
   296 | D:1      | Reached skill level 3 in Transmutations
   389 | D:1      | Reached XP level 2. HP: 21/21 MP: 3/5
   465 | D:1      | Found Fyrog's Jewellery Shoppe.
   635 | D:1      | Learned a level 2 spell: Wereblood
  1272 | D:2      | Reached XP level 3. HP: 26/26 MP: 4/6
  1312 | D:2      | Noticed Natasha
  1355 | D:2      | Killed Natasha
  1356 | D:2      | Reached skill level 4 in Transmutations
  1360 | D:2      | Learned a level 3 spell: Spider Form
  1418 | D:2      | Found a faded altar of an unknown god.
  1488 | D:2      | Reached XP level 4. HP: 32/32 MP: 6/8
  1554 | D:2      | Noticed Natasha
  1561 | D:2      | Killed Natasha
  1744 | D:2      | Noticed Natasha
  1751 | D:2      | Killed Natasha
  1752 | D:2      | Reached skill level 5 in Transmutations
  1767 | D:2      | Learned a level 4 spell: Ice Form
  1943 | D:3      | Reached XP level 5. HP: 29/37 MP: 10/10
  2416 | D:3      | Reached skill level 1 in Stealth
  2579 | D:3      | Found a glowing drain.
  2588 | Sewer    | Entered a sewer
  2734 | Sewer    | Identified the +2 helmet "Beunkoga" {Contam Str+6 Int+5}
  2768 | Sewer    | Noticed Pargi
  2783 | Sewer    | Killed Pargi
  2784 | Sewer    | Reached XP level 6. HP: 33/44 MP: 11/11
  3366 | D:4      | Noticed Menkaure
  3380 | D:4      | Killed Menkaure
  3381 | D:4      | Reached XP level 7. HP: 51/51 MP: 9/13
  3642 | D:4      | Found a staircase to the Ecumenical Temple.
  3648 | Temple   | Entered the Ecumenical Temple
  3715 | Temple   | Became a worshipper of Gozag Ym Sagoz the Greedy
  3906 | D:4      | Found a runed translucent door.
  3907 | D:4      | Noticed Crazy Yiuf
  4124 | D:5      | Entered Level 5 of the Dungeon
  4138 | D:5      | Reached skill level 6 in Transmutations
  4515 | D:5      | Killed from afar by an orc priest

Illustrated notes

Levels and vault maps discovered:
D:1:      psy_arrival_basics, layout_loops_ring, serial_shops, shop_fountains,
          nicolae_shop_peninsula, minivault_27, minmay_tromino_mix6
D:2:      layout_basic, shapermc_ecumenical_altar_hornbeckon, uniq_natasha
D:3:      layout_basic, cheibrodos_sewer_entry_bend, minmay_misc_feat_alley
D:4:      layout_loops_ring, minmay_temple_entry_fiery, uniq_crazy_yiuf_cottage,
          uniq_menkaure
D:5:      layout_gridville, general_overflow_altar, minmay_crystal_water
Temple:   nicolae_temple_x_marks_the_god

Skill      XL: |  1  2  3  4  5  6  7 |
---------------+----------------------+-----
Transmutations | 3 4 5 6 |  6.0
Spellcasting   | 3 4 |  4.1
Dodging        | 3 4 |  4.2
Stealth        | 1 2 |  2.5
Fighting       | 2 |  2.8
Unarmed Combat | 4 |  4.3

Action                     |  1- 3 |  4- 6 |  7- 9 || total
---------------------------+-------+-------+-------++-------
  Melee: Unarmed           |    79 |   230 |    58 ||   367
         Headbutt          |    10 |    49 |    16 ||    75
         Punch             |     3 |     8 |     3 ||    14
   Cast: Beastly Appendage |    23 |    33 |     7 ||    63
         Wereblood         |     2 |    10 |     3 ||    15
         Spider Form       |       |       |     1 ||     1
    Use: Scroll            |       |     4 |     3 ||     7
   Stab: Sleeping          |     1 |     2 |       ||     3
 Armour: Robe              |     8 |    37 |       ||    45
         Troll leather arm |       |    10 |    15 ||    25
  Dodge: Dodged            |    49 |   163 |    86 ||   298
